 Dungeon Crawl Stone Soup version 0.31-a0-986-g5e6e4ef867 (webtiles) character file.

Game seed: 18013629441249075469

18990 shukka the Severer (level 12, -10/168 HPs)
             Began as a Minotaur Berserker on Nov 15, 2023.
             Was a High Priest of Trog.
             Mangled by a nine-headed hydra (11 damage)
             ... on level 2 of the Lair of Beasts.
             The game lasted 00:46:25 (11382 turns).

shukka the Severer (Minotaur Berserker)            Turns: 11382, Time: 00:46:26

Health: -10/168    AC:  8    Str: 29    XL:     12   Next: 32%
Magic:  11/11      EV: 15    Int:  8    God:    Trog [*****.]
Gold:   732        SH:  0    Dex: 12    Spells: 11/11 levels left

rFire   . . .        R - +3 war axe
rCold   . . .        (no shield)
rNeg    + . .        x - +0 robe of Odehal {rN+ Str+4 Int+4 Slay+5}
rPois   +            (helmet restricted)
rElec   .            v - +0 cloak
rCorr   .            h - +1 pair of gloves
SInv    .            e - +0 pair of boots
Will    .....        s - amulet of regeneration Stlth
                     w - +4 ring of slaying
HPRegen 1.28/turn    X - ring of poison resistance
MPRegen 0.12/turn

%: no passive effects
@: berserking, very quick
A: horns 2, retaliatory headbutt
a: Renounce Religion, Berserk, Trog's Hand, Brothers in Arms


You were on level 2 of the Lair of Beasts.
You worshipped Trog.
Trog was extremely pleased with you.
You visited 3 branches of the dungeon, and saw 13 of its levels.
You also visited: Sewer.

You collected 732 gold pieces.

Inventory:

Hand Weapons
 R - a +3 war axe (weapon)
 V - the +5 Force Lance {heavy, knockback}
   (You found it on level 2 of the Lair of Beasts)
Missiles
 k - 88 stones
 t - 45 poisoned darts
 D - 7 curare-tipped darts (quivered)
 O - 6 boomerangs
 P - 2 throwing nets
 S - 4 datura-tipped darts
Armour
 a - a +0 plate armour
 e - a +0 pair of boots (worn)
 h - a +1 pair of gloves (worn)
 v - a +0 cloak (worn)
 x - the +0 robe of Odehal (worn) {rN+ Str+4 Int+4 Slay+5}
   (You found it on level 4 of the Dungeon)

   Str+4:     It affects your strength (+4).
   Int+4:     It affects your intelligence (+4).
   Slay+5:    It affects your accuracy & damage with ranged weapons and melee
   (+5).
   rN+:       It protects you from negative energy.
 z - a +0 chain mail
 M - a +3 ring mail of willpower
 N - an orb of mayhem
Jewellery
 r - a ring of fire
 s - an amulet of regeneration (around neck)
 w - a +4 ring of slaying (left hand)
 y - an amulet of reflection
 T - a ring of resist corrosion
 X - a ring of poison resistance (right hand)
Talismans
 n - a beast talisman
Wands
 p - a wand of roots (23)
 K - a wand of mindburst (7)
 Q - a wand of light (5)
Scrolls
 c - 3 scrolls of immolation
 g - 3 scrolls of teleportation
 u - a scroll of silence
 B - a scroll of poison
 C - 2 scrolls of enchant armour
 E - a scroll of acquirement
 F - 2 scrolls of torment
 G - 2 scrolls of brand weapon
 H - a scroll of fog
 J - a scroll of revelation
 L - 2 scrolls of enchant weapon
 U - a scroll of blinking {unknown}
 W - a scroll of fear {unknown}
Potions
 b - a potion of lignification
 d - 5 potions of haste
 f - 6 potions of might
 i - 2 potions of brilliance
 j - 5 potions of attraction
 l - 3 potions of enlightenment
 m - 2 potions of berserk rage
 o - 3 potions of cancellation
 q - 2 potions of curing
 A - 2 potions of heal wounds
 I - a potion of experience


   Skills:
 + Level 12.0 Fighting
 * Level 16.3 Axes
 + Level 11.7 Armour
 + Level 8.6 Dodging


You had 11 spell levels left.
You didn't know any spells.
Your spell library was empty.

Dungeon Overview and Level Annotations

Branches:
Dungeon (10/15)            Temple (1/1) D:4            Lair (2/5) D:9
 Spider (0/4) Lair:2        Sewer (visited)
  Swamp: Lair:2-3    Shoals: Lair:2-3       Orc: D:9-12

Altars:
Ashenzari
Cheibriados
Dithmenos
Elyvilon
Fedhas
Gozag
Hepliaklqana
Kikubaaqudgha
Makhleb
Nemelex Xobeh
Okawaru
Qazlal
Ru
Sif Muna
Trog
Uskayaw
Vehumet
Wu Jian
Xom
Yredelemnul
Zin
The Shining One

Shops:
D:10 *

Annotations:
D:5 exclusion: statue
Lair:2 1 runed translucent door, Maggie; TrayleKats's ghost, journeyman MiFi


Innate Abilities, Weirdness & Mutations

You have a pair of horns on your head.
You reflexively headbutt those who attack you in melee.


Message History

The five-headed hydra grows two more!
You slash the seven-headed hydra!
Your headbutt misses the seven-headed hydra.
The seven-headed hydra is heavily wounded.
Something stings your ogre!
Your ogre dies!
Your ogre's corpse disappears in a puff of smoke!
The seven-headed hydra closely misses you.
The seven-headed hydra bites you.
* * * LOW HITPOINT WARNING * * *
The seven-headed hydra bites you but does no damage.
The seven-headed hydra barely misses you.
The seven-headed hydra bites you but does no damage.
The seven-headed hydra bites you!
* * * LOW HITPOINT WARNING * * *
The seven-headed hydra bites you but does no damage.
You lop one of the seven-headed hydra's heads off!
The six-headed hydra grows two more!
You slice the eight-headed hydra!!
Your headbutt misses the eight-headed hydra.
The eight-headed hydra is heavily wounded.
You lop one of the eight-headed hydra's heads off!
The seven-headed hydra grows two more!
You hit the nine-headed hydra. You headbutt the nine-headed hydra!!
The nine-headed hydra is almost dead.
The nine-headed hydra bites you.
* * * LOW HITPOINT WARNING * * *
The nine-headed hydra bites you!
* * * LOW HITPOINT WARNING * * *
The nine-headed hydra bites you.
* * * LOW HITPOINT WARNING * * *
The nine-headed hydra bites you!
* * * LOW HITPOINT WARNING * * *
The nine-headed hydra bites you.
* * * LOW HITPOINT WARNING * * *
The nine-headed hydra bites you but does no damage.
The nine-headed hydra bites you.
* * * LOW HITPOINT WARNING * * *
The nine-headed hydra bites you.
* * * LOW HITPOINT WARNING * * *
The nine-headed hydra bites you!
You die...

##........# ###♣.♣ ♣.
#........# #....♣ ♣.
##........### #.#♣.♣ ♣†
#.........##. #†#♣.♣ ♣.
#.........##. #.#♣.♣ ♣.
##........##'##.#♣.. ♣.
##........#..l.F#♣♣♣ ♣♣♣♣♣♣♣.
#.........#.♣♣♣D# ♣.......
##........#...@.# ♣.♣♣♣♣♣♣
##........####### #♣.♣#####
#P>.......# ♣...♣...♣
##........# ♣.♣.♣.♣.♣
#......... ♣.♣.♣.♣.♣
#........# ♣.♣.♣†♣.♣.♣
#........ ♣.......♣..
#........#####################
#.............................


You could see a nine-headed hydra and a cane toad.

Vanquished Creatures
  Harold (D:10)
  Erolcha (D:9)
  A catoblepas (Lair:2)
  A two-headed ogre (D:10)
  A lindwurm (Lair:2)
  2 black mambas
  Jeremiah (D:7)
  4 cane toads
  An unseen horror (D:10)
  A rime drake (Lair:2)
  5 komodo dragons
  A blink frog (Lair:2)
  2 culicivoras (Lair:2)
  19 yaks
  8 wyverns
  2 basilisks
  3 steam dragons
  12 water moccasins
  Duvessa (D:7)
  2 orc warriors
  2 black bears
  An ice beast (D:6)
  3 ogres
  5 wolves
  A centaur (D:9)
  5 phantoms
  6 kobold brigands
  16 bullfrogs
  6 scorpions
  8 wights
  Dowan (D:7)
  12 killer bees
  9 howler monkeys
  6 orc priests
  7 hounds
  A jelly (D:5)
  A gnoll bouda (D:6)
  3 sleepcaps
  Jessica (D:2)
  Ijyb (D:3)
  6 iguanas
  6 orc wizards
  5 adders
  16 gnolls
  A river rat (Sewer)
  A shadow imp (D:5)
  2 white imps
  An ufetubus (D:5)
  7 worms
  2 dart slugs
  21 orcs
  2 bats
  11 endoplasms
  3 giant cockroaches
  10 goblins
  3 hobgoblins
  3 jackals
  6 quokkas
  13 ball pythons
  A frilled lizard (D:1)
  19 kobolds
  13 rats
316 creatures vanquished.

Notes
Turn   | Place    | Note
-------+----------+-------------------------------------------
     0 | D:1      | shukka the Minotaur Berserker began the quest for the Orb.
     0 | D:1      | Reached XP level 1. HP: 19/19 MP: 0/0
   343 | D:1      | Reached XP level 2. HP: 27/27 MP: 1/1
   366 | D:1      | Reached skill level 4 in Axes
  1166 | D:2      | Noticed Jessica
  1207 | D:2      | Killed Jessica
  1208 | D:2      | Reached XP level 3. HP: 13/33 MP: 2/2
  2077 | D:3      | Reached XP level 4. HP: 40/40 MP: 3/3
  2094 | D:3      | Reached skill level 5 in Axes
  2395 | D:3      | Noticed Ijyb
  2430 | D:3      | Killed Ijyb
  2481 | D:3      | Reached XP level 5. HP: 42/47 MP: 4/4
  2694 | D:3      | Reached ** piety under Trog
  2934 | D:4      | Identified the +0 robe of Odehal {rN+ Str+4 Int+4 Slay+5}
  2954 | D:4      | Found a staircase to the Ecumenical Temple.
  3016 | D:4      | Found a glowing golden altar of the Shining One.
  3034 | D:4      | Found a shimmering blue altar of Sif Muna.
  3128 | D:4      | Reached skill level 6 in Axes
  3142 | D:4      | Found an iron altar of Okawaru.
  3162 | D:4      | Reached skill level 5 in Fighting
  3162 | D:4      | Reached XP level 6. HP: 56/56 MP: 5/5
  3543 | D:4      | Reached skill level 7 in Axes
  3548 | D:4      | Reached skill level 5 in Armour
  3548 | D:4      | Reached XP level 7. HP: 29/62 MP: 6/6
  3839 | D:5      | Entered Level 5 of the Dungeon
  3885 | D:5      | Found a shadowy altar of Dithmenos.
  4004 | D:5      | Found a burning altar of Makhleb.
  4060 | D:5      | Reached skill level 8 in Axes
  4161 | D:5      | Found a radiant altar of Vehumet.
  4658 | D:5      | Reached XP level 8. HP: 71/71 MP: 7/7
  4772 | D:5      | Reached skill level 9 in Axes
  4829 | D:5      | Reached *** piety under Trog
  4940 | D:6      | Found a white marble altar of Elyvilon.
  5010 | D:6      | Identified the staff of the Penguin {rC+ Conj}
  5043 | D:6      | Reached skill level 10 in Axes
  5085 | D:6      | Found a glowing drain.
  5089 | Sewer    | Entered a sewer
  5560 | Sewer    | Reached **** piety under Trog
  5622 | Sewer    | Reached XP level 9. HP: 81/81 MP: 8/8
  5762 | D:6      | Found a bloodstained altar of Trog.
  5933 | D:6      | Found a white marble altar of Elyvilon.
  6138 | D:6      | Found an ancient bone altar of Kikubaaqudgha.
  6237 | D:7      | Reached skill level 11 in Axes
  6494 | D:7      | Found a basalt altar of Yredelemnul.
  6510 | D:7      | Noticed Duvessa
  6510 | D:7      | Noticed Dowan
  6514 | D:7      | Killed Duvessa
  6517 | D:7      | Killed Dowan
  6710 | D:7      | Noticed Jeremiah
  6729 | D:7      | Killed Jeremiah
  6730 | D:7      | Reached skill level 12 in Axes
  7006 | D:7      | Reached XP level 10. HP: 85/91 MP: 9/9
  7113 | D:8      | Identified a scroll of acquirement
  7665 | D:9      | Noticed Erolcha
  7669 | D:9      | Killed Erolcha
  7670 | D:9      | Reached skill level 5 in Dodging
  7732 | D:9      | Reached skill level 13 in Axes
  7746 | D:9      | Reached ***** piety under Trog
  7784 | D:9      | Found a staircase to the Lair.
  7978 | D:9      | Reached skill level 10 in Fighting
  8089 | D:9      | Reached skill level 14 in Axes
  8089 | D:9      | Reached skill level 10 in Armour
  8089 | D:9      | Reached XP level 11. HP: 100/101 MP: 10/10
  8435 | D:10     | Entered Level 10 of the Dungeon
  8493 | D:10     | Noticed Harold
  8498 | D:10     | Killed Harold
  8525 | D:10     | Found Zin's Purification Station.
  8536 | D:10     | Found a glowing silver altar of Zin.
  8888 | D:10     | Found a blossoming altar of Fedhas.
  8900 | D:10     | Noticed a two-headed ogre
  8933 | D:10     | Killed a two-headed ogre
  9488 | Temple   | Entered the Ecumenical Temple
  9624 | Gauntlet | Identified the "Naxife"
  9624 | Lair:1   | Entered Level 1 of the Lair of Beasts
  9801 | Lair:1   | Reached skill level 15 in Axes
 10751 | Lair:2   | Found a hole to the Spider Nest.
 10770 | Lair:2   | Found the +5 Force Lance {heavy, knockback}
 10806 | Lair:2   | Found a runed translucent door.
 10932 | Lair:2   | Noticed a catoblepas
 10937 | Lair:2   | Killed a catoblepas
 10987 | Lair:2   | Reached XP level 12. HP: 102/110 MP: 11/11
 11014 | Lair:2   | Reached skill level 16 in Axes
 11090 | Lair:2   | Noticed Maggie
 11167 | Lair:2   | Noticed TrayleKats's ghost (journeyman MiFi)
 11362 | Lair:2   | Noticed a five-headed hydra
 11382 | Lair:2   | HP: 3/168 [nine-headed hydra (6)]
 11382 | Lair:2   | HP: 1/168 [nine-headed hydra (2)]
 11382 | Lair:2   | Mangled by a nine-headed hydra

Illustrated notes

Levels and vault maps discovered:
D:1:      wheals_arrival_shading, layout_loops_ring, nrook_mini_vaults
D:2:      layout_loops_cross, uniq_jessica
D:3:      layout_basic, uniq_ijyb
D:4:      minmay_diamond_boxcup, layout_basic, mainiacjoe_overflow_alcove_2,
          mainiacjoe_overflow_paths, okawaru_metal_pillars_3,
          minmay_temple_entry_sparse_star
D:5:      minmay_razor_zed, layout_loops_ring, mainiacjoe_overflow_tiny_flanked,
          vehumet_statue, nicolae_dithmenos_shadow_blocks,
          minmay_misc_feat_tower, minmay_ogre_servants
D:6:      layout_cave_pools, elyvilon_altar_1, kennysheep_mini,
          old_standard_altar, serial_park, serial_park_square3
          [serial_park_minivault_5x5_8], serial_park_gazebo
          [serial_park_minivault_5x5_4], serial_park_tiny_2,
          gup_sewer_entry_spiral, nicolae_fountain_basement
D:7:      layout_rooms, lemuel_tele_altar, serial_co_window_serial,
          co_window_paths_a, co_window_paths_a, co_window_of_opportunity_a,
          co_window_corner_a, co_window_paths_a, co_window_corner_a,
          co_window_paths_b, co_window_of_opportunity_b,
          co_window_unsneaky_path_e, co_window_cross_2, glass_columns_a,
          glass_columns_c, glass_columns_a, glass_columns_a, glass_columns_c,
          corexii_checkpoint, uniq_jeremiah, uniq_duvessa
D:8:      layout_cave_pools, kennysheep_another_room
D:9:      layout_roguey, minmay_lair_entry_grove, nrook_loot_triangle,
          uniq_erolcha
D:10:     layout_stronghold, zin_purify, fedhas_altar_3, uniq_harold
Temple:   hellmonk_temple_beads
Lair:1:   layout_gridlike, columned_hall_lemuel
Lair:2:   nzn_winding_woodlands_large [nzn_winding_woodlands_5x5_three,
          nzn_winding_woodlands_5x15_sidewinder,
          nzn_winding_woodlands_5x5_checkerboard,
          nzn_winding_woodlands_center_pierced_h,
          nzn_winding_woodlands_15x15_boxy_spiral,
          nzn_winding_woodlands_center_lodge,
          nzn_winding_woodlands_5x5_perimeter,
          nzn_winding_woodlands_5x15_pathside_ponds,
          nzn_winding_woodlands_5x5_cross], layout_regular_city,
          hellmonk_spider_entry_life_and_decay, gammafunk_ghost_grave,
          minivault_19, uniq_maggie, uniq_urug

Skill      XL: |  1  2  3  4  5  6  7  8  9 10 11 12 |
---------------+-------------------------------------+-----
Axes           | 4 5 6 7 8 10 12 14 15 16 | 16.3
Fighting       | 4 5 6 7 9 10 11 12 | 12.0
Armour         | 3 4 5 6 7 8 10 11 | 11.7
Dodging        | 4 6 8 |  8.6

Action                     |  1- 3 |  4- 6 |  7- 9 | 10-12 || total
---------------------------+-------+-------+-------+-------++-------
  Melee: Hand axe          |    78 |    80 |   236 |    77 ||   471
         Headbutt          |    13 |    14 |    47 |    61 ||   135
         Punch             |       |     1 |     1 |     4 ||     6
         War axe           |       |       |       |   188 ||   188
  Throw: Dart              |       |       |     1 |     8 ||     9
 Invoke: Berserk           |     1 |     2 |     6 |     7 ||    16
         Brothers in Arms  |       |       |       |     1 ||     1
  Evoke: Wand              |       |     2 |     1 |       ||     3
    Use: Scroll            |       |       |    21 |     3 ||    24
   Stab: Sleeping          |     1 |       |       |       ||     1
 Armour: Animal skin       |    23 |       |       |       ||    23
         Ring mail         |    17 |    34 |       |       ||    51
         Robe              |       |    34 |   107 |   206 ||   347
  Dodge: Dodged            |    44 |    46 |   120 |   132 ||   342
         Form:             |     1 |       |       |       ||     1
         Beast             |     1 |       |       |       ||     1

Table legend: (Time is in decaauts)
 A = Elapsed time spent in this place.
 B = Non-inter-level travel time spent in this place.
 C = Inter-level travel time spent in this place.
 D = Time resting spent in this place.
 E = Time spent auto-exploring this place.
 F = Levels seen in this place.
 G = Mean time per level.
                   A        B        C        D        E       F      G
               +--------+--------+--------+--------+--------+-----+--------+
         Total |  11624 |  11139 |    485 |   1333 |   6371 |  14 |  830.3 |
       Dungeon |   9173 |   8705 |    468 |   1242 |   4826 |  10 |  917.3 |
        Temple |      3 |      3 |      0 |      0 |      0 |   1 |    3.0 |
          Lair |   1733 |   1717 |     16 |     78 |   1139 |   2 |  866.5 |
         Sewer |    713 |    713 |      0 |     12 |    406 |   1 |  713.0 |
               +--------+--------+--------+--------+--------+-----+--------+

Top non-repeatable levels by time:
     D:3: 1300 daAuts
     D:5: 1091 daAuts
     D:1: 1028 daAuts
     D:4: 986 daAuts
     D:7: 962 daAuts
    D:10: 941 daAuts
  Lair:1: 872 daAuts
  Lair:2: 861 daAuts
     D:6: 831 daAuts
     D:9: 822 daAuts
   Sewer: 713 daAuts
     D:2: 642 daAuts
     D:8: 565 daAuts
  Temple: 3 daAuts
